 Dungeon Crawl Stone Soup version 0.26-a0-652-gafc20e3620 (webtiles) character file.

Game seed: 5368709236709693235

10537 Kraken2834 the Whirler (level 11, 0/82 HPs)
             Began as a Halfling Hunter on Oct 3, 2020.
             Was an Elder of Okawaru.
             Killed by vampiric draining
             ... invoked by Josephine
              (19 damage)
             ... on level 11 of the Dungeon.
             The game lasted 00:43:11 (11119 turns).

Kraken2834 the Whirler (Halfling Hunter)           Turns: 11119, Time: 00:43:14

Health: 0/82       AC: 17    Str: 21    XL:     11   Next: 94%
Magic:  17/17      EV: 10    Int: 10    God:    Okawaru [****..]
Gold:   823        SH:  0    Dex: 18    Spells: 17/18 levels left

rFire    + . .     SeeInvis .   a - +2 hunting sling
rCold    + . .     Faith    .   (shield restricted)
rNeg     . . .     Spirit   .   n - +4 chain mail {rF+}
rPois    .         Reflect  .   i - +1 hat
rElec    .         Harm     .   f - +2 cloak
rCorr    .         Rampage  .   j - +0 pair of gloves
MR       .....                  (no boots)
Stlth    ..........             (no amulet)
HPRegen  0.23/turn              z - ring of protection from cold
MPRegen  0.15/turn              y - +6 ring of strength

@: heavily drained
A: small, mutation resistance 1, strong 1
a: Heroism, Renounce Religion


You were on level 11 of the Dungeon.
You worshipped Okawaru.
Okawaru was greatly pleased with you.
You visited 2 branches of the dungeon, and saw 12 of its levels.

You collected 823 gold pieces.

Inventory:

Hand Weapons
 a - a +2 hunting sling (weapon)
 b - a +4 quarterstaff of chaos
Missiles
 d - 8 sling bullets (quivered)
 h - 291 stones
Armour
 f - a +2 cloak (worn)
 i - a +1 hat (worn)
 j - a +0 pair of gloves (worn)
 n - a +4 chain mail of fire resistance (worn)
Jewellery
 x - an uncursed ring of fire
 y - a +6 ring of strength (right hand)
 z - a ring of protection from cold (left hand)
Wands
 c - a wand of iceblast (4)
 k - a wand of disintegration (10)
 l - a wand of enslavement (10)
 v - a wand of polymorph (6)
 A - a wand of paralysis (5)
 F - a wand of random effects (45)
Scrolls
 g - 8 scrolls of teleportation
 m - a scroll of fog
 o - 5 scrolls of remove curse
Potions
 e - 2 potions of flight
 p - a potion of brilliance
 r - a potion of haste
 t - 3 potions of curing
 u - 5 potions of heal wounds


   Skills:
 + Level 10.5(8.2) Fighting
 - Level 15.1(12.5) Slings
 - Level 0.8(0.0) Armour
 * Level 3.6(1.7) Dodging
 - Level 1.1(0.0) Stealth
 * Level 4.4(2.5) Spellcasting
 * Level 5.3(3.2) Hexes


You had 17 spell levels left.
You knew the following spells:

 Your Spells              Type           Power        Failure   Level
a - Corona                Hex            #......      65%         1

Your spell library contained the following spells:

 Spells                   Type           Power        Failure   Level
 Ensorcelled Hibernation  Hex/Ice        #.....       95%         2
 Confusing Touch          Hex            #.......     95%         3
 Tukima's Dance           Hex            #.......     95%         3
 Animate Skeleton         Necr           #.....       98%         1
 Apportation              Tloc           #.....       98%         1
 Summon Small Mammal      Summ           #...         98%         1
 Dazzling Flash           Conj/Hex       #.....       99%         3


Dungeon Overview and Level Annotations

Branches:
Dungeon (11/15)            Temple (1/1) D:6             Orc (0/2) D:9
   Lair: D:8-11

Altars:
Ashenzari
Cheibriados
Dithmenos
Elyvilon
Fedhas
Gozag
Hepliaklqana
Kikubaaqudgha
Makhleb
Nemelex Xobeh
Okawaru
Qazlal
Ru
Sif Muna
Trog
Uskayaw
Vehumet
Wu Jian
Xom
Yredelemnul
Zin
The Shining One
Beogh

Shops:
D:9 ?

Annotations:
D:11 Josephine


Innate Abilities, Weirdness & Mutations

You are small and have problems with some larger weapons.
You are somewhat resistant to further mutation.
Your muscles are strong. (Str +2)


Message History

You shoot a sling bullet. The sling bullet hits the centaur.
You kill the centaur!
Okawaru accepts your kill.
Firing (i - inventory. (/) - cycle)
d - 10 sling bullets (quivered)
Press: ? - help, Shift-Dir - straight line, f - Josephine
Aim: Josephine, wielding a +0 dagger and wearing a +0 robe (heavily wounded)
You shoot a sling bullet. The sling bullet hits Josephine!
Josephine is severely wounded.
Josephine points at you and mumbles some strange words.
The ghostly flame explodes!
The ghostly fireball engulfs you!!
You feel drained.
* * * LOW HITPOINT WARNING * * *
The ghostly fireball engulfs Josephine.
Josephine completely resists.
Firing (i - inventory. (/) - cycle)
d - 9 sling bullets (quivered)
Press: ? - help, Shift-Dir - straight line, f/p - Josephine
Aim: Josephine, wielding a +0 dagger and wearing a +0 robe (severely wounded)
You shoot a sling bullet.
The sling bullet closely misses Josephine.
Josephine is infused with unholy energy.
You die...

###############
.....(.((......
(.((((@@.....u.
(.....(########
......( .....(.
....(.. ...)(..
##..### #..


You could see Josephine and a red ugly thing.

Vanquished Creatures
  Gastronok (D:8)
  Harold (D:8)
  A two-headed ogre (D:8)
  Pikel (D:7)
  Joseph (D:7)
  Psyche (D:8)
  A gargoyle (D:10)
  Prince Ribbit (D:5)
  A hippogriff (D:11)
  4 wraiths (D:10)
  Sigmund (D:4)
  Eustachio (D:6)
  3 orc warriors
  2 black bears
  4 sky beasts
  An eye of draining (D:9)
  2 phantoms
  The ghost of stormclouds the Chopper, an amateur MiFi (D:3)
  6 ogres
  A necrophage (D:8)
  9 centaurs
  A lemure (D:7)
  2 big kobolds
  4 bullfrogs
  Blork the orc (D:6)
  3 scorpions
  10 wights
  2 howler monkeys (D:8)
  A bullfrog zombie (D:8)
  A centaur zombie (D:8)
  6 orc priests
  4 hounds
  Crazy Yiuf (D:7)
  2 jellies
  3 centaur skeletons
  A bullfrog skeleton (D:11)
  3 iguanas
  Terence (D:1)
  2 orc wizards (D:10)
  Ijyb (D:4)
  6 worker ants
  2 howler monkey zombies (D:9)
  Robin (D:3)
  3 gnolls (D:8)
  6 adders
  2 shadow imps
  2 white imps
  A howler monkey simulacrum (D:3)
  2 worker ant simulacra (D:3)
  An ufetubus (D:7)
  An ooze (D:3)
  An adder skeleton (D:5)
  4 worms
  2 dart slugs
  9 leopard geckos
  35 orcs
  2 ball pythons
  6 giant cockroaches
  25 goblins
  11 hobgoblins
  13 jackals
  7 quokkas
  9 bats
  4 frilled lizards
  A jackal zombie (D:6)
  17 kobolds
  2 leopard gecko simulacra (D:3)
  A quokka zombie (D:5)
  5 rats
274 creatures vanquished.

Notes
Turn   | Place    | Note
-------+----------+-------------------------------------------
     0 | D:1      | Kraken2834 the Halfling Hunter began the quest for the Orb.
     0 | D:1      | Reached XP level 1. HP: 14/14 MP: 1/1
    62 | D:1      | Reached skill level 6 in Slings
   260 | D:1      | Reached XP level 2. HP: 19/19 MP: 2/2
   672 | D:2      | Noticed Terence
   687 | D:1      | Killed Terence
   687 | D:1      | Reached XP level 3. HP: 24/25 MP: 3/3
   710 | D:2      | Reached skill level 7 in Slings
   812 | D:2      | Reached XP level 4. HP: 30/30 MP: 4/4
  1177 | D:2      | Reached XP level 5. HP: 33/36 MP: 5/5
  1700 | D:3      | Reached skill level 8 in Slings
  1773 | D:3      | Noticed Robin
  1789 | D:3      | Killed Robin
  1886 | D:3      | Found a runed translucent gate.
  1886 | D:3      | Found a runed translucent gate.
  1886 | D:3      | Found a runed translucent gate.
  1929 | D:3      | Noticed stormclouds's ghost (amateur MiFi)
  2070 | D:3      | Reached XP level 6. HP: 39/42 MP: 6/6
  2237 | D:3      | Killed stormclouds's ghost
  2237 | D:3      | Reached skill level 9 in Slings
  2475 | D:4      | Noticed Sigmund
  2482 | D:4      | Killed Sigmund
  2482 | D:4      | Reached XP level 7. HP: 48/48 MP: 7/7
  2684 | D:4      | Reached skill level 10 in Slings
  2768 | D:4      | Noticed Ijyb
  2774 | D:4      | Paralysed by Ijyb for 7 turns
  2794 | D:4      | Killed Ijyb
  3007 | D:4      | Found an ornate altar of the Wu Jian Council.
  3192 | D:5      | Entered Level 5 of the Dungeon
  3278 | D:5      | Learned a level 1 spell: Corona
  3338 | D:5      | Noticed Prince Ribbit
  3585 | D:5      | Reached XP level 8. HP: 33/54 MP: 8/8
  3943 | D:5      | Reached skill level 5 in Fighting
  3943 | D:5      | Reached skill level 1 in Hexes
  4110 | D:5      | Killed Prince Ribbit
  4110 | D:5      | Reached skill level 11 in Slings
  4110 | D:5      | Reached skill level 1 in Spellcasting
  4283 | D:6      | Noticed Eustachio
  4293 | D:6      | Killed Eustachio
  4377 | D:6      | Reached XP level 9. HP: 62/62 MP: 11/11
  4504 | D:6      | Reached skill level 12 in Slings
  4725 | D:6      | Noticed Blork the orc
  4743 | D:6      | Killed Blork the orc
  4881 | D:6      | Found a staircase to the Ecumenical Temple.
  4893 | Temple   | Entered the Ecumenical Temple
  5201 | Temple   | Became a worshipper of Warmaster Okawaru
  5662 | D:6      | Found a hazy altar of Hepliaklqana.
  5662 | D:6      | Found a broken altar of Ashenzari.
  5667 | D:6      | Found a faded altar of an unknown god.
  5669 | D:6      | Found a hide-covered altar of Uskayaw.
  5671 | D:6      | Found a faded altar of an unknown god.
  6222 | D:7      | Gained mutation: Your body sometimes deteriorates upon
                  | taking damage. [potion of mutation]
  6222 | D:7      | Gained mutation: Potions are less effective at restoring
                  | your health. [potion of mutation]
  6223 | D:7      | Lost mutation: Your body sometimes deteriorates upon taking
                  | damage. [potion of mutation]
  6223 | D:7      | Lost mutation: Potions are less effective at restoring your
                  | health. [potion of mutation]
  6223 | D:7      | Gained mutation: Your muscles are strong. (Str +2) [potion
                  | of mutation]
  6272 | D:7      | Reached skill level 13 in Slings
  6326 | D:7      | Noticed Joseph
  6346 | D:7      | Killed Joseph
  6346 | D:7      | Reached * piety under Okawaru
  6346 | D:7      | Reached XP level 10. HP: 54/71 MP: 12/14
  6716 | D:7      | Noticed Pikel
  6748 | D:7      | Killed Pikel
  6870 | D:7      | Found a runed translucent door.
  6871 | D:7      | Noticed Crazy Yiuf
  6880 | D:7      | Killed Crazy Yiuf
  7083 | D:8      | Noticed a two-headed ogre
  7093 | D:8      | Killed a two-headed ogre
  7093 | D:8      | Reached ** piety under Okawaru
  7093 | D:8      | Reached skill level 14 in Slings
  7307 | D:8      | Noticed Gastronok
  7327 | D:8      | Killed Gastronok
  7327 | D:8      | Reached *** piety under Okawaru
  7327 | D:8      | Received a gift from Okawaru
  7327 | D:8      | Reached XP level 11. HP: 80/80 MP: 14/16
  7770 | D:8      | Noticed Harold
  7795 | D:8      | Killed Harold
  7795 | D:8      | Reached skill level 15 in Slings
  7846 | D:8      | Received a gift from Okawaru
  7850 | D:8      | Noticed Psyche
  7861 | D:8      | Killed Psyche
  7861 | D:8      | Reached **** piety under Okawaru
  8956 | D:9      | Found a roughly hewn altar of Beogh.
  8956 | D:9      | Found a staircase to the Orcish Mines.
  9010 | D:9      | Reached skill level 10 in Fighting
  9385 | D:9      | Found Qilir's Magic Scroll Shop.
  9443 | D:9      | Reached skill level 5 in Hexes
  9640 | D:10     | Entered Level 10 of the Dungeon
  9799 | D:10     | Received a gift from Okawaru
 10602 | D:11     | Noticed Josephine
 11116 | D:11     | Noticed a red ugly thing
 11119 | D:11     | Killed from afar by Josephine

Illustrated notes

Levels and vault maps discovered:
D:1:      dpeg_arrival_orchard, layout_basic, hex_tiny, minmay_close_crescents
D:2:      layout_basic, uniq_terence
D:3:      kennysheep_six_static_rooms, layout_loops_ring, gammafunk_ghost_icy,
          dk_noncrumbling_2, uniq_robin
D:4:      kennysheep_goblin_castle, layout_rooms, kennysheep_mini_moat,
          minmay_statues_item, uniq_sigmund
D:5:      layout_basic, fountainhead, uniq_prince_ribbit1
D:6:      layout_layer_cave, chequers_temple_overflow_minitemple,
          minmay_temple_entry_mist, hangedman_abyss_or_decor_stagger,
          uniq_eustachio, uniq_blork_the_orc
D:7:      layout_gridville, enter_bailey_3, uniq_joseph, uniq_pikel,
          uniq_crazy_yiuf_cottage
D:8:      layout_basic, uniq_psyche, uniq_harold, uniq_gastronok
D:9:      layout_rooms, david_orc_5, serial_shops, shop_statue
D:10:     layout_gridville
D:11:     layout_long_grid, grunt_lair_entry_orc_guard_hut,
          fedhas_altar_fruit_tree, uniq_josephine, uniq_snorg, uniq_nergalle,
          uniq_erolcha
Temple:   dpeg_five_rooms_temple

Skill      XL: |  1  2  3  4  5  6  7  8  9 10 11 |
---------------+----------------------------------+-----
Slings         | 6 7 8 9 10 11 13 14 15 | 15.1
Fighting       | 2 3 4 5 7 9 10 | 10.5
Hexes          | 2 3 4 5 |  5.3
Spellcasting   | 1 2 3 4 |  4.4
Dodging        | 3 |  3.6
Armour         | |  0.8
Stealth        | |  1.1

Action                   |  1- 3 |  4- 6 |  7- 9 | 10-12 || total
-------------------------+-------+-------+-------+-------++-------
 Fire: Hunting sling     |    80 |   217 |   365 |   546 ||  1208
 Cast: Corona            |       |       |     1 |       ||     1
Invok: Heroism           |       |       |       |     3 ||     3
Evoke: Wand              |       |     1 |       |       ||     1
  Use: Potion            |       |       |    10 |     3 ||    13
       Scroll            |       |       |     9 |     1 ||    10
Armor: Leather armour    |     5 |       |       |       ||     5
       Chain mail        |     9 |    41 |    59 |    98 ||   207
Dodge: Dodged            |    26 |    25 |    38 |   130 ||   219

Table legend: (Time is in decaauts)
 A = Elapsed time spent in this place.
 B = Non-inter-level travel time spent in this place.
 C = Inter-level travel time spent in this place.
 D = Time resting spent in this place.
 E = Time spent auto-exploring this place.
 F = Levels seen in this place.
 G = Mean time per level.
                   A        B        C        D        E       F      G
               +--------+--------+--------+--------+--------+-----+--------+
         Total |  10771 |  10468 |    303 |    579 |   7952 |  12 |  897.6 |
       Dungeon |  10433 |  10159 |    274 |    479 |   7900 |  11 |  948.5 |
        Temple |    337 |    308 |     29 |    100 |     52 |   1 |  337.0 |
               +--------+--------+--------+--------+--------+-----+--------+

Top non-repeatable levels by time:
     D:8: 1624 daAuts
    D:10: 1417 daAuts
     D:7: 1240 daAuts
     D:6: 1235 daAuts
     D:3: 1094 daAuts
     D:5: 949 daAuts
     D:9: 823 daAuts
     D:4: 817 daAuts
     D:1: 695 daAuts
     D:2: 510 daAuts
  Temple: 337 daAuts
    D:11: 25 daAuts
